 Dungeon Crawl Stone Soup version 0.28.0-53-g5a82cb258f (webtiles) character file.

Game seed: 11347465809019505117

127 concernfroge the Magician (level 4, -1/26 HPs)
             Began as a Deep Elf Fire Elementalist on June 18, 2022.
             Killed from afar by an orc wizard (9 damage)
             ... with a puff of flame
             ... on level 3 of the Dungeon.
             The game lasted 00:08:11 (2769 turns).

concernfroge the Magician (DEFE)                    Turns: 2769, Time: 00:08:11

Health: -1/26      AC:  2    Str:  5    XL:     4   Next: 85%
Magic:  8/12       EV: 12    Int: 22    God:
Gold:   116        SH:  0    Dex: 15    Spells: 10/11 levels left

rFire   . . .      SeeInvis .   (no weapon)
rCold   . . .      Faith    .   h - orb {light}
rNeg    . . .      Spirit   .   a - +0 robe
rPois   .          Reflect  .   (no helmet)
rElec   .          Harm     .   (no cloak)
rCorr   .          Rampage  .   (no gloves)
Will    .....                   (no boots)
Stlth   +.........              (no amulet)
HPRegen 0.08/turn               (no ring)
MPRegen 0.13/turn               (no ring)

@: glowing
A: no striking features
a: no special abilities


You were on level 3 of the Dungeon.
You visited 1 branch of the dungeon, and saw 3 of its levels.

You collected 116 gold pieces.

Inventory:

Armour
 a - a +0 robe (worn)
 h - an orb of light (worn)
Potions
 b - a potion of attraction
 c - a potion of berserk rage
 d - a potion of heal wounds
 e - a potion of ambrosia


   Skills:
 + Level 1.7 Fighting
 - Level 2.4 Dodging
 - Level 2.4 Stealth
 + Level 4.2 Spellcasting
 + Level 2.6 Conjurations
 + Level 4.2 Fire Magic


You had 10 spell levels left.
You knew the following spells:

 Your Spells              Type           Power      Damage    Failure   Level
a - Foxfire               Conj/Fire      76%        2x1d7     2%          1

Your spell library contained the following spells:

 Spells                   Type           Power      Damage    Failure   Level
 Scorch                   Fire           46%        2d7       3%          2
 Conjure Flame            Conj/Fire      19%        6-21      9%          3
 Inner Flame              Hex/Fire       13%        N/A       14%         3
 Stone Arrow              Conj/Erth      20%        3d8       19%         3
 Flame Wave               Conj/Fire      19%        2d6       26%         4
 Confusing Touch          Hex            4%         N/A       32%         3
 Animate Armour           Summ/Erth      8%         N/A       73%         4
 Yara's Violent Unravell  Hex/Tmut       2%         3d3       97%         5
 Enfeeble                 Hex            2%         N/A       100%        7
 Lehudib's Crystal Spear  Conj/Erth      5%         10d3      100%        8


Dungeon Overview and Level Annotations

Branches:
Dungeon (3/15)

Altars:


Message History

The slug dart misses you.
Casting: Foxfire (safe; 2% risk of failure)
Confirm with . or Enter, or press ? or * to list all spells.
You conjure some foxfire!
Your foxfire dissipates!
The foxfire hits the dart slug.
You kill the dart slug!
Key pressed, stopping explore.
You are too injured to fight recklessly!
An orc wizard is nearby!
Casting: Foxfire (safe; 2% risk of failure)
Confirm with . or Enter, or press ? or * to list all spells.
You conjure some foxfire!
The foxfire hits the orc wizard but does no damage.
The orc wizard is moderately wounded.
The foxfire hits the orc wizard.
The orc wizard is moderately wounded.
Casting: Foxfire (safe; 2% risk of failure)
Confirm with . or Enter, or press ? or * to list all spells.
You conjure some foxfire!
The foxfire hits the orc wizard but does no damage.
The orc wizard is moderately wounded.
The foxfire hits the orc wizard.
The orc wizard is severely wounded.
The orc wizard gestures at you while chanting.
The puff of flame hits you!
* * * LOW HITPOINT WARNING * * *
Casting: Foxfire (safe; 2% risk of failure)
Confirm with . or Enter, or press ? or * to list all spells.
You conjure some foxfire!
The foxfire hits the orc wizard.
The orc wizard is severely wounded.
The foxfire hits the orc wizard.
The orc wizard is almost dead.
Casting: Foxfire (safe; 2% risk of failure)
Confirm with . or Enter, or press ? or * to list all spells.
You conjure some foxfire!
The orc wizard gestures at you while chanting.
The puff of flame hits you!
You die...

≈≈≈≈≈≈≈...# #.. #.
######...# #.. ###### #.
.....#)..# #..
#....######.###.###.### #..
#.........#...#.#...# #..
#.............#.#.### #..
#####.................# #..
....'...........v.§o..# #..
.####...........@.§..## #..
.# ##..........v§...# #..
.# #...............# #.. .#
#.......############## ##.
.#####.......)†...........#
#
...................†....).#
.....).............<......#
..).........#####..†......#
#. ............#
#.........# #.


You could see an orc wizard (ally target).

Vanquished Creatures
  A bullfrog skeleton (D:3)
  4 adders
  2 worms (D:2)
  3 dart slugs
  2 orcs (D:3)
  4 endoplasms
  2 giant cockroaches
  5 goblins
  3 hobgoblins
  6 jackals
  A quokka (D:3)
  4 ball pythons
  3 bats
  3 frilled lizards
  5 kobolds
  5 rats
53 creatures vanquished.

Vanquished Creatures (others)
  147 foxfires
  8 plants (D:3)
155 creatures vanquished.

Grand Total: 208 creatures vanquished

Notes
Turn   | Place    | Note
-------+----------+-------------------------------------------
     0 | D:1      | concernfroge the Deep Elf Fire Elementalist began the quest
                  | for the Orb.
     0 | D:1      | Reached XP level 1. HP: 10/10 MP: 6/6
   229 | D:1      | Found a faded altar of an unknown god.
   342 | D:1      | Reached XP level 2. HP: 12/16 MP: 2/8
   941 | D:1      | You fall into a shaft and drop 1 floor!
  1000 | D:2      | Reached XP level 3. HP: 16/20 MP: 3/10
  1054 | D:2      | Reached skill level 1 in Fighting
  1747 | D:2      | Reached XP level 4. HP: 16/25 MP: 6/11
  2769 | D:3      | Killed from afar by an orc wizard

Illustrated notes

Levels and vault maps discovered:
D:1:      dpeg_arrival_arbitrary_c, layout_basic,
          hellmonk_ecumenical_altar_lost_god, chequers_garden
D:2:      layout_rooms, minmay_misc_feat_diagonals
D:3:      cheibrodos_old_hovel, layout_basic, grunt_decor_cap

Skill      XL: |  1  2  3  4 |
---------------+-------------+-----
Fighting       | 1 |  1.7
Conjurations   | 2 |  2.6
Fire Magic     | 4 |  4.2
Spellcasting   | 4 |  4.2
Dodging        | |  2.4
Stealth        | |  2.4

Action                   |  1- 3 |  4- 6 || total
-------------------------+-------+-------++-------
Melee: Unarmed           |     1 |       ||     1
 Cast: Foxfire           |    70 |    45 ||   115
  Use: Scroll            |     3 |     4 ||     7
       Potion            |     3 |     1 ||     4
Armor: Robe              |     6 |     9 ||    15
Dodge: Dodged            |    10 |    16 ||    26
